 Dungeon Crawl Stone Soup version 0.30.1 (webtiles) character file.

Game seed: 12808825713707243210

178 Arctor the Insei (level 5, -7/34 HPs)
             Began as an Octopode Transmuter on July 12, 2023.
             Mangled by an iguana (14 damage)
             ... on level 3 of the Dungeon.
             The game lasted 00:03:07 (3148 turns).

Arctor the Insei (Octopode Transmuter)              Turns: 3148, Time: 00:03:08

Health: -7/34      AC:  1    Str:  9    XL:     5   Next: 58%
Magic:  5/9        EV: 13    Int: 18    God:
Gold:   204        SH:  0    Dex: 12    Spells: 4/9 levels left

rFire   . .          .
                       - Unarmed
rCold   + . .        (no shield)
rNeg    . . .        (helmet currently unavailable)
rPois   .            (no amulet)
rElec   .            l - ring of protection from cold
rCorr   .            (no ring)
SInv    .            (no ring)
Will    .....        (no ring)
Stlth   ++           (no ring)
HPRegen 0.25/turn    (no ring)
MPRegen 0.11/turn    (no ring)
                     (no ring)

%: no passive effects
@: appendages, very slightly contaminated
A: tentacle spike 3, almost no armour, amphibious, 8 rings, camouflage 1,
gelatinous body 1, (nimble swimmer 1), tentacles
a: End Transformation


You were on level 3 of the Dungeon.
One of your tentacles had grown a beastly spike.
You visited 1 branch of the dungeon, and saw 4 of its levels.

You collected 204 gold pieces.

Inventory:

Jewellery
 l - a ring of protection from cold (left tentacle)
 o - a ring of ice
Scrolls
 d - 3 scrolls of poison {unknown}
 f - a scroll of teleportation {unknown}
 g - a scroll of fog {unknown}
 i - 2 scrolls of vulnerability {unknown}
 j - 2 scrolls of amnesia {unknown}
 k - a scroll of blinking {unknown}
 m - a scroll of identify {unknown}
 p - 5 scrolls of noise {unknown}
Potions
 a - a potion of lignification
 b - a potion of might
 c - a potion of degeneration {unknown}
 h - a potion of cancellation {unknown}
 n - a potion of mutation {unknown}


   Skills:
 + Level 2.1 Fighting
 + Level 2.9 Dodging
 + Level 3.7 Unarmed Combat
 + Level 2.8 Spellcasting
 * Level 3.2 Transmutations
 * Level 1.0 Ice Magic


You had 4 spell levels left.
You knew the following spells:

 Your Spells              Type           Power      Damage    Failure   Level
a - Beastly Appendage     Tmut           28%        N/A       4%          1
b - Ice Form              Ice/Tmut       10%        N/A       56%         4

Your spell library contained the following spells:

 Spells                   Type           Power      Damage    Failure   Level
 Wereblood                Tmut           14%        N/A       7%          2
 Spider Form              Tmut/Pois      8%         N/A       26%         3


Dungeon Overview and Level Annotations

Branches:
Dungeon (4/15)
 Temple: D:4-7

Altars:
Cheibriados
Elyvilon
Ru
Wu Jian
Zin

Annotations:
D:4 Sigmund


Innate Abilities, Weirdness & Mutations

One of your tentacles has grown a beastly spike.
You cannot wear most types of armour.
You are amphibious.
You can wear up to eight rings at the same time.
Your skin changes colour to match your surroundings (Stealth+).
Your rubbery body absorbs attacks. (AC +1, EV +1)
((You are camouflaged when in or above water. (Stealth+)))
You have tentacles for arms and can constrict up to eight enemies at once.


Message History

You constrict the adder.
You feel sick. The adder bites you. Something barely misses you.
You tentacle-slap the adder. Your squeeze misses the adder.
The adder is heavily wounded.
You constrict the adder.
You feel sick. The adder barely misses you.
You tentacle-slap the adder.
You squeeze the adder, but do no damage.
The adder is severely wounded.
You constrict the adder.
You feel sick. The adder closely misses you. Something completely misses you.
The adder barely misses you.
You tentacle-slap the adder.
You kill the adder!
You feel sick. Something hits you.
You feel sick. The iguana bites you. A mysterious force pulls you upwards.
The hatch slams shut behind you.
Reactivating autopickup.
You feel sick.
You are no longer poisoned.
Casting: Ice Form (astonishingly dangerous; 56% risk of failure)
Confirm with . or Enter, or press ? or * to list all spells.
One of your tentacles grows a vicious spike.
The iguana bites you.
* * * LOW HITPOINT WARNING * * *
You tentacle-slap the iguana. You grab the iguana.
You pierce the iguana.
You squeeze the iguana.
The iguana is heavily wounded.
You constrict the iguana, but do no damage.
The iguana closely misses you.
You tentacle-slap the iguana but do no damage.
You squeeze the iguana, but do no damage.
The iguana is heavily wounded.
You constrict the iguana, but do no damage.
The iguana bites you.
* * * LOW HITPOINT WARNING * * *
You tentacle-slap the iguana but do no damage.
You squeeze the iguana.
The iguana is almost dead.
You constrict the iguana, but do no damage.
The iguana bites you!
You die...

.......#.#.# #...# #..###
#####
.........#.#####..####..#
....)..###..............#
.8.#.#.# #.#####..###.###
..##.#)###.# #....###.##
.###....##.###.#..##.#.#######
## #........##.#....###......#
##...##..##.#l###.#.#####.#
######.###......@####.## #.#
...........###........# #.####
######.##### #..####### #.....
#.#######.<# #####.
#..........# #. ###.....#.##
#. #.#'#.#.# #. #####.#)#.#.##
#. #.....#.#....# #.


You could see an iguana.

Vanquished Creatures
  Jessica (D:2)
  An orc wizard (D:3)
  3 adders
  3 worms
  2 dart slugs
  5 orcs (D:3)
  8 endoplasms
  4 giant cockroaches
  17 goblins
  4 hobgoblins
  9 kobolds
  A quokka (D:4)
  4 ball pythons
  6 bats
  6 frilled lizards
  5 rats
79 creatures vanquished.

Notes
Turn   | Place    | Note
-------+----------+-------------------------------------------
     0 | D:1      | Arctor the Octopode Transmuter began the quest for the Orb.
     0 | D:1      | Reached XP level 1. HP: 13/13 MP: 3/3
   491 | D:1      | Reached XP level 2. HP: 16/18 MP: 3/5
  1122 | D:1      | Reached XP level 3. HP: 23/23 MP: 4/6
  1406 | D:2      | Found a sacrificial altar of Ru.
  1426 | D:2      | Noticed Jessica
  1437 | D:2      | Killed Jessica
  1438 | D:2      | Reached XP level 4. HP: 23/29 MP: 7/7
  1849 | D:3      | Learned a level 4 spell: Ice Form
  2230 | D:3      | Reached XP level 5. HP: 34/34 MP: 7/9
  2406 | D:3      | Reached skill level 1 in Ice Magic
  2431 | D:3      | Found a white marble altar of Elyvilon.
  2495 | D:3      | Found a glowing silver altar of Zin.
  2506 | D:3      | Found an ornate altar of the Wu Jian Council.
  2508 | D:3      | Found a snail-covered altar of Cheibriados.
  3112 | D:4      | Noticed Sigmund
  3148 | D:3      | Mangled by an iguana

Illustrated notes

Levels and vault maps discovered:
D:1:      evilmike_arrival_rings, layout_basic
D:2:      layout_rooms, basic_altar, grunt_decor_cap, uniq_jessica
D:3:      layout_loops_ring, nicolae_overflow_hidden_temple,
          mainiacjoe_overflow_surrounded_room, minivault_27,
          wad_floor_pattern_untrapped, minmay_between
D:4:      layout_loops_cross, grunt_temple_overflow_lords_of_destruction,
          uniq_edmund, uniq_sigmund

Skill      XL: |  1  2  3  4  5 |
---------------+----------------+-----
Fighting       | 2 |  2.1
Transmutations | 3 |  3.2
Ice Magic      | 1 |  1.0
Dodging        | |  2.9
Unarmed Combat | |  3.7
Spellcasting   | |  2.8

Action                     |  1- 3 |  4- 6 || total
---------------------------+-------+-------++-------
  Melee: Unarmed           |    54 |   104 ||   158
         Kick              |    15 |    40 ||    55
         Constrict         |    15 |    32 ||    47
         Tentacles         |    12 |    21 ||    33
         Punch             |       |     2 ||     2
   Cast: Beastly Appendage |    27 |    32 ||    59
    Use: Potion            |     3 |     2 ||     5
   Stab: Sleeping          |     4 |     4 ||     8
 Armour: Skin              |     5 |     5 ||    10
  Dodge: Dodged            |    38 |    78 ||   116
